Unix NetHack Version 3.7.0-101 Work-in-progress - last build Apr 1 2024 01:38:13 (a918b33ba548942b39fbf317ac6a96664004a8da,branch:master). Game began 2024-04-01 08:37:37, ended 2024-04-01 08:50:13. elenmirie, neutral female gnomish Archeologist # -|--------- ------ ------ --------- ---------- |`........-#####.....| |..>..# |........# |........| |.........| |....|####...{.|# |.......|# |........| |.........- |....|# |....|# ------.--# #.........| |.........| |>....## |....|## # ## #|........| ---------.- ------# |....| # # # ####|........| #### ------ ## ##################### # ---------- ### # # #---------# ### 0### # ### @q..q....|# # # ## ## |..._...|### ### # ## |....._.|### --.-----+-- # ---- # # |........# |..........## |..| # ---.- |...)...| |.........| |...#######....| |......_| |.........| ---- |<..| --------- ----------- |...| |...| ----- Elenmirie the Field Worker St:15 Dx:12 Co:14 In:13 Wi:14 Ch:8 Neutral Dlvl:3 $:0 HP:0(39) Pw:24(24) AC:9 Xp:5/202 T:5295 Latest messages: The air crackles around the kobold shaman. You lash the kobold shaman. You lash the kobold shaman. The kobold shaman drinks a puce potion! The kobold shaman looks much better. You miss the kobold shaman. You miss the kobold shaman. The kobold shaman points at you, then curses. You lash the kobold shaman. You lash the kobold shaman. The kobold shaman points at you, then curses. You lash the kobold shaman. The kobold shaman points all around, then curses. You miss the kobold shaman. The air crackles around the kobold shaman. You kill the kobold shaman! You hear someone searching. You hear someone searching. You stop searching. You miss the rothe. You lash the rothe. The rothe hits! The rothe bites! The rothe bites again! The rothe hits! The rothe bites! The rothe just misses! You lash the rothe. The rothe hits! The rothe bites! The rothe bites again! The rothe hits! The rothe bites! The rothe bites again! You lash the rothe. The rothe hits! The rothe bites! The rothe bites again! You kill the rothe! The rothe is caught in a spider web. You lash the rothe. The rothe hits! The rothe bites! The rothe bites again! You die... Do you want your possessions identified? [ynq] (y) y Do you want to see your attributes? [ynq] (y) y Do you want an account of creatures vanquished? [ynaq] (y) y Do you want to see your conduct and achievements? [ynq] (y) y Do you want to see the dungeon overview? [ynq] (y) y Inventory: Amulets j - an uncursed amulet of reflection Weapons o - 7 uncursed +0 darts (at the ready) a - an uncursed +2 bullwhip (weapon in right hand) Armor c - an uncursed +0 fedora (being worn) b - an uncursed +0 leather jacket (being worn) Wands F - an uncursed wand of slow monster (0:4) Tools w - an uncursed sack containing 6 items e - an uncursed +0 pick-axe (alternate weapon; not wielded) t - an uncursed tinning kit (0:33) x - an uncursed towel Gems/Stones g - an uncursed touchstone Contents of the sack: 1904 gold pieces 2 uncursed scrolls of identify an uncursed scroll of magic mapping 2 uncursed scrolls of remove curse 2 uncursed potions of enlightenment an uncursed potion of healing Elenmirie the Archeologist's attributes: Background: You were a Field Worker, a level 5 female gnomish Archeologist. You were neutral, on a mission for Camaxtli who was opposed by Quetzalcoatl (lawful) and Huhetotl (chaotic). You were right-handed. You were in the Dungeons of Doom, on level 3. You entered the dungeon 5295 turns ago. You had 202 experience points, 118 more were needed to attain level 6. Basics: You had 0 out of 39 hit points. You had all 24 energy points (spell power). Your armor class was 9. Your wallet was empty, but you had 1904 zorkmids stashed away in your pack. Autopickup was on for '$' plus thrown. Final Characteristics: Your strength was 15 (limit:18/50). Your dexterity was 12 (limit:18). Your constitution was 14 (limit:18). Your intelligence was 13 (limit:19). Your wisdom was 14 (limit:18). Your charisma was 8 (limit:18). Final Status: You weren't hungry. You were unencumbered. You were wielding a whip. You had basic skill with whip and could have enhanced that. Final Attributes: You were piously aligned. You had automatic searching. You had infravision. You were stealthy. You are dead. Miscellaneous: You never encountered a bones level. Total elapsed playing time was 12 minutes and 33 seconds. Major events: Turn 1: elenmirie the neutral female gnomish Archeologist entered the dungeon 1319: attained the rank of Field Worker (level 3) 5295: killed by a rothe Vanquished creatures: a rock piercer a shrieker a kobold shaman a rothe 2 dwarf zombies a wererat 2 iguanas an acid blob a gas spore 2 manes 3 giant rats 2 cave spiders a green mold 2 gnome zombies 3 geckos 11 jackals a fox 3 kobolds 4 goblins 7 sewer rats 6 grid bugs 2 bats 9 lichens 6 newts 73 creatures vanquished. No species were genocided or became extinct. Voluntary challenges: You were illiterate. You never engraved Elbereth. You never genocided any monsters. You never polymorphed an object. You never changed form. You used no wishes. Achievement: You attained the rank of Field Worker. The Dungeons of Doom: levels 1 to 4 Level 1: A fountain. Level 2: A fountain. Level 3: <- You were here. Many altars, a fountain. Final resting place for you, killed by a rothe. Level 4: Game over: ---------- / \ / REST \ / IN \ / PEACE \ / \ | elenmirie | | 1904 Au | | killed by a | | rothe | | | | | | 2024 | *| * * * | * _________)/\\_//(\/(/\)/\//\/|_)_______ Goodbye elenmirie the Archeologist... You died in The Dungeons of Doom on dungeon level 3 with 2672 points, and 1904 pieces of gold, after 5295 moves. You were level 5 with a maximum of 39 hit points when you died.